 Dungeon Sprint DCSS version 0.29-a0-542-g075992c915 (webtiles) character file.

Game seed: 5663851110996529491

840 rocky1 the Nimble (level 8, 0/66 HPs)
             Began as a Djinni Fire Elementalist on June 4, 2022.
             Was a Believer of Ashenzari.
             Slain by a tyrant leech (30 damage)
             ... in the Dungeon (Sprint VII: "The Pits").
             The game lasted 00:06:41 (2273 turns).

rocky1 the Nimble (Djinni Fire Elementalist)        Turns: 2273, Time: 00:06:43

Health: 0/66       AC:  9    Str:  7    XL:     8   Next: 19%
Gold:   0          EV: 13    Int: 19    God:    Ashenzari [**....] SH:  0 Dex: 14

rFire   + + .      SeeInvis +   i - +2 quarterstaff "Yoke of Ashenzari" {speed, Evo, Range} (curse)
rCold   x . .      Faith    .   (shield currently unavailable)
rNeg    . . .      Spirit   .   k - +3 ring mail "Affliction of the Sky" {Cun, Evo} (curse)
rPois   ∞          Reflect  .   (no helmet)
rElec   .          Harm     .   (no cloak)
rCorr   .          Rampage  .   (no gloves)
Will    .....      NoTele   +   (boots unavailable)
Stlth   +.........              (no amulet)
HPRegen 0.21/turn               (no ring)
MPRegen 0.00/turn               (no ring)

@: flying
A: sickness immunity, fire resistance 2, cold vulnerability 1, float, innate
caster, HP casting, extra vitality 1
a: Renounce Religion, Shatter the Chains


You were in the Dungeon.
You worshipped Ashenzari.
Ashenzari was pleased with you.
You visited 1 branch

Inventory:

Hand Weapons
 i - the cursed +2 quarterstaff "Yoke of Ashenzari" (weapon) {speed, Evo, Range}
   (You found it in the Dungeon)

   Attacks with this weapon are significantly faster.
   It has a curse which improves the following skills: Evocations: Evocations.
   Ranged Combat: Slings, Bows, Crossbows and Throwing.
 l - a +0 long sword of holy wrath
Armour
 a - a +0 robe
 k - the cursed +3 ring mail "Affliction of the Sky" (worn) {Cun, Evo}
   (You found it in the Dungeon)

   It has a curse which improves the following skills: Cunning: Dodging and
   Stealth.
   Evocations: Evocations.
Scrolls
 f - a scroll of blinking
 h - a scroll of summoning
Potions
 b - 4 potions of curing
 c - 5 potions of heal wounds
 d - a potion of haste
 e - 2 potions of berserk rage
 g - 2 potions of invisibility


   Skills:
 + Level 8.3 Fighting
 - Level 1.6 Long Blades
 + Level 8.3 Armour
 + Level 9.5(10.7) Dodging
 - Level 1.5(2.4) Stealth
 + Level 6.9 Spellcasting


You had one spell level left.
You knew the following spells:

 Your Spells              Type           Power      Damage    Failure   Level
a - Foxfire               Conj/Fire      100%       2x1d9     1%          1
b - Scorch                Fire           66%        2d8       2%          2
c - Conjure Flame         Conj/Fire      33%        6-21      4%          3
d - Inner Flame           Hex/Fire       33%        N/A       4%          3
e - Flame Wave            Conj/Fire      33%        2d8       16%         4
f - Slow                  Hex            100%       N/A       1%          1
g - Poisonous Vapours     Pois/Air       66%        N/A       2%          2
h - Gell's Gravitas       Tloc           33%        N/A       4%          3
Your spell library was empty.

Dungeon Overview and Level Annotations

Branches:
Dungeon (1/1)

Altars:
Ashenzari
Cheibriados
Dithmenos
Elyvilon
Fedhas
Gozag
Hepliaklqana
Kikubaaqudgha
Makhleb
Nemelex Xobeh
Okawaru
Qazlal
Ru
Sif Muna
Trog
Uskayaw
Vehumet
Wu Jian
Xom
Yredelemnul
Zin
The Shining One
Beogh
Jiyva
Lugonu


Innate Abilities, Weirdness & Mutations

You are immune to sickness and miasma.
You are immune to poison.
Your flesh is very heat resistant. (rF++)
You are vulnerable to cold. (rC-)
You float through the air rather than walking.
You learn spells naturally, not from books.
Your magical power is your life essence.
You have superior vitality. (+4 MHP)


Message History

Casting: Scorch (safe; 2% risk of failure)
Confirm with . or Enter, or press ? or * to list all spells.
Okay, then.
Casting: Scorch (safe; 2% risk of failure)
Confirm with . or Enter, or press ? or * to list all spells.
Casting: Flame Wave (dangerous; 17% risk of failure)
Press: ? - help, Dir - look around, f - activate A wave of flame ripples out! (Press . to intensify the flame waves.)
A wave of flame ripples out!
The flame wave engulfs the orc priest.
The orc priest is moderately wounded.
The flame wave engulfs the tyrant leech!
The tyrant leech is lightly wounded.
The orc priest closely misses you.
Unknown command.
A wave of flame ripples out!
The flame wave engulfs the orc priest!
The orc priest is severely wounded.
The flame wave engulfs the tyrant leech.
The tyrant leech is moderately wounded.
The flame wave engulfs the orc wizard!
You kill the orc wizard!
The flame wave engulfs the orc wizard!
You kill the orc wizard!
You finish channelling waves of flame.
Casting: Flame Wave (dangerous; 17% risk of failure)
Confirm with . or Enter, or press ? or * to list all spells.
Flames lash the orc priest.
You kill the orc priest!
Unknown command.
Casting: Scorch (safe; 2% risk of failure)
Confirm with . or Enter, or press ? or * to list all spells.
Flames lash the tyrant leech but do no damage.
The tyrant leech bites you!
Casting: Scorch (safe; 2% risk of failure)
Confirm with . or Enter, or press ? or * to list all spells.
Flames lash the tyrant leech.
The tyrant leech is moderately wounded.
The tyrant leech's fire resistance burns away.
The tyrant leech bites you!!
You die...

#'#####)#####[....
#[#..#...'.##.....
#.#..#...#.#####'#
#.#..#####.##.....
#.#..'..)#.##.....
#.#..'...'.##.....
#.#..########...<.
#.#..'[))).##.....
#@#..#.).).##.....
#w###########.....
#)).....#.. ######
#..)....#.#*####*
#...#...#.#....# ,
#..###..#'#oo..#
#...#...#o'r...+ ,
#......w#'#{...#
#......)'o#,w..#


You could see a tyrant leech (combustible).

Vanquished Creatures
  A water moccasin (D)
  3 ice beasts (D)
  An orc warrior (D)
  A gnoll sergeant (D)
  A crimson imp (D)
  A quasit (D)
  An orc priest (D)
  An iguana (D)
  6 orc wizards (D)
  An ufetubus (D)
  6 orcs (D)
  2 bats (D)
  2 giant cockroaches (D)
  3 jackals (D)
  3 quokkas (D)
  A frilled lizard (D)
34 creatures vanquished.

Vanquished Creatures (others)
  36 foxfires (D)
36 creatures vanquished.

Grand Total: 70 creatures vanquished

Notes
Turn   | Place    | Note
-------+----------+-------------------------------------------
     0 | D        | rocky1 the Djinni Fire Elementalist began the quest for the
                  | Orb.
     0 | D        | Reached XP level 1. HP: 15/15 MP: 0/0
    51 | D        | Found a bloodstained altar of Trog.
    51 | D        | Found a viscous altar of Jiyva.
    51 | D        | Found a hazy altar of Hepliaklqana.
    51 | D        | Found an opulent altar of Gozag.
    53 | D        | Found a glowing golden altar of the Shining One.
    53 | D        | Found a glowing silver altar of Zin.
    53 | D        | Found a basalt altar of Yredelemnul.
    53 | D        | Found a shimmering altar of Xom.
    53 | D        | Found an ornate altar of the Wu Jian Council.
    53 | D        | Found a sacrificial altar of Ru.
    53 | D        | Found a stormy altar of Qazlal.
    53 | D        | Found an iron altar of Okawaru.
    53 | D        | Found a sparkling altar of Nemelex Xobeh.
    53 | D        | Found a burning altar of Makhleb.
    53 | D        | Found a blossoming altar of Fedhas.
    53 | D        | Found a white marble altar of Elyvilon.
    53 | D        | Found a shadowy altar of Dithmenos.
    53 | D        | Found a snail-covered altar of Cheibriados.
    56 | D        | Found a corrupted altar of Lugonu.
    57 | D        | Found a hide-covered altar of Uskayaw.
    57 | D        | Found a broken altar of Ashenzari.
    66 | D        | Became a worshipper of Ashenzari the Shackled
    88 | D        | Reached skill level 1 in Fighting
    88 | D        | Reached skill level 1 in Armour
   398 | D        | Reached skill level 1 in Long Blades
   398 | D        | Reached XP level 2. HP: 17/22 MP: 0/0
   401 | D        | Reached skill level 3 in Dodging
  1010 | D        | Reached XP level 3. HP: 22/28 MP: 0/0
  1010 | D        | Learned a level 1 spell: Slow
  1138 | D        | Reached skill level 4 in Dodging
  1138 | D        | Reached XP level 4. HP: 35/35 MP: 0/0
  1246 | D        | Noticed an ice beast
  1254 | D        | Noticed a water moccasin
  1257 | D        | Killed an ice beast
  1258 | D        | Reached skill level 5 in Dodging
  1258 | D        | Reached XP level 5. HP: 18/42 MP: 0/0
  1258 | D        | Learned a level 2 spell: Poisonous Vapours
  1261 | D        | Noticed an orc warrior
  1263 | D        | Killed a water moccasin
  1264 | D        | Reached skill level 5 in Fighting
  1264 | D        | Reached skill level 5 in Armour
  1264 | D        | Reached skill level 6 in Dodging
  1264 | D        | Reached skill level 5 in Spellcasting
  1264 | D        | Reached XP level 6. HP: 27/50 MP: 0/0
  1279 | D        | Reached skill level 7 in Dodging
  1281 | D        | Killed an orc warrior
  1282 | D        | Reached XP level 7. HP: 6/57 MP: 0/0
  1282 | D        | Learned a level 3 spell: Gell's Gravitas
  1435 | D        | Reached * piety under Ashenzari
  1443 | D        | Reached skill level 8 in Dodging
  1804 | D        | Reached ** piety under Ashenzari
  1948 | D        | Reached skill level 9 in Dodging
  1974 | D        | Reached XP level 8. HP: 45/65 MP: 0/0
  2243 | D        | Noticed a tyrant leech
  2273 | D        | Slain by a tyrant leech

Illustrated notes

Levels and vault maps discovered:
D:        pitsprint [storerooms_1, entrance_room_1, metal_vault_2, armoury_3,
          mini_pit_1, grid_room_1, main_hall_1, silver_pit, the_coven_3,
          the_vestibule_1, steel_vault_1, golden_pit, hallway_of_sentries,
          crystal_vault_1, iron_vault_1, final_vault]

Skill      XL: |  1  2  3  4  5  6  7 |
---------------+----------------------+-----
Fighting       | 1 2 3 4 5 6 8 |  8.3
Armour         | 1 2 3 4 5 6 8 |  8.3
Long Blades    | 1 |  1.6
Dodging        | 3 4 5 6 7 9 |  9.5
Spellcasting   | 3 4 5 6 |  6.9
Stealth        | |  1.5

Action                   |  1- 3 |  4- 6 |  7- 9 || total
-------------------------+-------+-------+-------++-------
Melee: Falchion          |     5 |       |       ||     5
       Quarterstaff      |     7 |    12 |    32 ||    51
 Cast: Foxfire           |    15 |       |     5 ||    20
       Scorch            |       |    17 |    22 ||    39
       Flame Wave        |       |       |     1 ||     1
Invok: Curse Item        |       |       |     2 ||     2
  Use: Potion            |     1 |     2 |     1 ||     4
Armor: Robe              |     3 |       |       ||     3
       Ring mail         |     5 |     3 |    18 ||    26
Dodge: Dodged            |    22 |    13 |    23 ||    58

Table legend: (Time is in decaauts)
 A = Elapsed time spent in this place.
 B = Non-inter-level travel time spent in this place.
 C = Inter-level travel time spent in this place.
 D = Time resting spent in this place.
 E = Time spent auto-exploring this place.
 F = Levels seen in this place.
 G = Mean time per level.
                   A        B        C        D        E       F      G
               +--------+--------+--------+--------+--------+-----+--------+
         Total |   2275 |   2258 |     17 |   1853 |      0 |   1 | 2275.0 |
       Dungeon |   2275 |   2258 |     17 |   1853 |      0 |   1 | 2275.0 |
               +--------+--------+--------+--------+--------+-----+--------+

Top non-repeatable levels by time:
       D: 2275 daAuts
